 Dungeon Crawl Stone Soup version 0.28-a0-8-g6e044cfa68 (webtiles) character file.

Game seed: 4174720525534122458

1031 miscthings the Magician (level 8, -2/54 HPs)
             Began as a Djinni Conjurer on July 25, 2021.
             Was an Initiate of Makhleb.
             Slain by a two-headed ogre (8 damage)
             ... on level 5 of the Dungeon.
             The game lasted 00:07:32 (4653 turns).

miscthings the Magician (Djinni Conjurer)           Turns: 4653, Time: 00:07:33

Health: -2/54      AC:  7    Str:  6    XL:     8   Next: 47%
Gold:   177        EV: 13    Int: 21    God:    Makhleb [......] SH:  0 Dex: 13

rFire   + + .      SeeInvis .   q - +0 dagger
rCold   x . .      Faith    .   (no shield)
rNeg    + . .      Spirit   .   o - +2 animal skin
rPois   ∞          Reflect  .   p - +0 helmet
rElec   .          Harm     .   x - +0 cloak
rCorr   .          Rampage  .   d - +0 pair of gloves
Will    .....                   (boots unavailable)
Stlth   ++........              (no amulet)
HPRegen 0.18/turn               g - ring of wizardry
MPRegen 0.00/turn               l - ring of positive energy

@: flying
A: sickness immunity, fire resistance 2, cold vulnerability 1, float, innate
caster, hp casting, extra vitality 1
a: Renounce Religion


You were on level 5 of the Dungeon.
You worshipped Makhleb.
Makhleb was noncommittal.
You visited 2 branches of the dungeon, and saw 6 of its levels.

You collected 177 gold pieces.

Inventory:

Hand Weapons
 q - a +0 dagger (weapon)
Armour
 d - a +0 pair of gloves (worn)
 o - a +2 animal skin (worn)
 p - a +0 helmet (worn)
 x - a +0 cloak (worn)
Jewellery
 g - a ring of wizardry (left hand)
 l - a ring of positive energy (right hand)
Wands
 u - a wand of paralysis (12)
Scrolls
 b - a scroll of teleportation
 e - 2 scrolls of fog
 h - a scroll of summoning
 j - a scroll of immolation
 m - a scroll of magic mapping {unknown}
 r - a scroll of silence {unknown}
 v - 3 scrolls of identify {@r1}
 w - a scroll of blinking {unknown}
Potions
 a - a potion of lignification
 c - a potion of haste
 f - 2 potions of curing
 i - a potion of heal wounds {unknown}
 k - 2 potions of might
 n - 2 potions of mutation {unknown}
 s - a potion of brilliance {unknown}
 t - a potion of flight {unknown}


   Skills:
 + Level 2.3 Fighting
 + Level 2.3 Armour
 + Level 3.5 Dodging
 - Level 1.5 Stealth
 + Level 6.8 Spellcasting
 + Level 2.2 Evocations


You couldn't memorise any spells.
You knew the following spells:

 Your Spells              Type           Power      Damage    Failure   Level
a - Searing Ray           Conj           70%        3d5       1%          2
b - Magic Dart            Conj           100%       1d8       1%          1
c - Dazzling Flash        Conj/Hex       70%        N/A       1%          3
d - Fulminant Prism       Conj/Hex       17%        3d11      2%          4
e - Iskenderun's Mystic   Conj/Tloc      35%        2d8       2%          4
f - Freeze                Ice            100%       1d11      1%          1
g - Poisonous Vapours     Pois/Air       70%        N/A       1%          2
h - Lesser Beckoning      Tloc           17%        N/A       1%          3
Your spell library was empty.

Dungeon Overview and Level Annotations

Branches:
Dungeon (5/15)             Temple (1/1) D:5

Altars:
Ashenzari
Cheibriados
Dithmenos
Elyvilon
Fedhas
Gozag
Hepliaklqana
Kikubaaqudgha
Makhleb
Nemelex Xobeh
Okawaru
Qazlal
Ru
Sif Muna
Trog
Uskayaw
Vehumet
Wu Jian
Yredelemnul
Zin
The Shining One


Innate Abilities, Weirdness & Mutations

You are immune to sickness and miasma.
You are immune to poison.
Your flesh is very heat resistant. (rF++)
You are vulnerable to cold. (rC-)
You float through the air rather than walking.
You learn spells naturally, not from books.
Your magical power is your life essence.
You have superior vitality. (+4 HP)


Message History

You kill the butterfly!
The mystic blast hits the ufetubus.
You kill the ufetubus!
Makhleb accepts your kill.
You hear a shout!
Something unseen opens the door.
A scorpion zombie comes into view.
Casting: Iskenderun's Mystic Blast (dangerous; 2% risk of failure)
Confirm with . or Enter, or press ? or * to list all spells.
You erupt in a blast of force!
The mystic blast hits the two-headed ogre!
The two-headed ogre is heavily wounded.
The mystic blast hits the hound!
You kill the hound!
Makhleb accepts your kill.
The mystic blast hits the adder!
You kill the adder!
Makhleb accepts your kill.
An orc wizard comes into view. It is wielding a +0 dagger.
The scorpion zombie moves out of view.
Found a wand of paralysis (10).
Casting: Iskenderun's Mystic Blast (dangerous; 2% risk of failure)
Confirm with . or Enter, or press ? or * to list all spells.
You erupt in a blast of force!
The mystic blast hits the scorpion zombie!
The scorpion zombie is moderately damaged.
The scorpion zombie is knocked back by the mystic blast.
The scorpion zombie slams into the rock wall!
The mystic blast hits the orc wizard!
The orc wizard is heavily wounded.
The orc wizard is knocked back by the mystic blast.
The orc wizard slams into the rock wall!
The mystic blast hits the two-headed ogre!
The two-headed ogre is severely wounded.
The two-headed ogre is knocked back by the mystic blast.
The two-headed ogre slams into the rock wall!
The two-headed ogre hits you with a +0 giant club!!
* * * LOW HITPOINT WARNING * * *
The two-headed ogre hits you with a +0 dire flail!
You die...

##................#
#..####.....####.#
#..#..##...##.(#.# ###
#..#...##.##...#.#######..
#..##...#.#)).##.........#
#...##.'#.#'.##...#######.
#....###...###....#......#
#........8...........#..#.
##...###o@O###....####..##
#..##.'#.#†.##...<.....#.
#.##Z. #.#...##..#####.##
#.#.. ##.##...#..# #.#.
#.#/ ##...##.!#..# #.##
#.####.....####..# #.#.
................# #.#.
######.#######.# #.#.
#....##.#.#####.#.


You could see a two-headed ogre, an orc wizard and a scorpion zombie.

Vanquished Creatures
  A centaur (D:5)
  An ogre (D:5)
  3 scorpions
  A wyvern zombie (D:5)
  A wight (D:5)
  2 hounds
  2 jellies (D:5)
  An orc priest (D:3)
  A bullfrog skeleton (D:4)
  A centaur skeleton (D:5)
  2 iguanas (D:5)
  Natasha (thrice) (D:2)
  A hound skeleton (D:4)
  A mummy (D:5)
  Robin (D:2)
  11 adders
  An ufetubus (D:5)
  2 worms
  6 orcs
  4 ball pythons
  6 bats
  5 endoplasms
  5 giant cockroaches
  9 hobgoblins
  15 jackals
  4 quokkas
  A frilled lizard (D:1)
  14 goblins
  A hobgoblin zombie (D:5)
  6 kobolds
  3 kobold zombies (D:5)
  2 rats
  A butterfly (D:5)
118 creatures vanquished.

Vanquished Creatures (collateral kills)
  An adder (D:5)
1 creature vanquished.

Vanquished Creatures (others)
  2 fulminant prisms (D:2)
2 creatures vanquished.

Grand Total: 121 creatures vanquished

Notes
Turn   | Place    | Note
-------+----------+-------------------------------------------
     0 | D:1      | miscthings the Djinni Conjurer began the quest for the Orb.
     0 | D:1      | Reached XP level 1. HP: 15/15 MP: 0/0
   266 | D:1      | Reached XP level 2. HP: 20/21 MP: 0/0
   643 | D:1      | Found a faded altar of an unknown god.
   663 | D:1      | Reached XP level 3. HP: 16/25 MP: 0/0
   663 | D:1      | Learned a level 1 spell: Freeze
   672 | D:1      | Reached skill level 4 in Spellcasting
  1184 | D:2      | Noticed Natasha
  1192 | D:2      | Killed Natasha
  1193 | D:2      | Reached XP level 4. HP: 20/31 MP: 0/0
  1439 | D:2      | Reached XP level 5. HP: 25/35 MP: 0/0
  1439 | D:2      | Learned a level 2 spell: Poisonous Vapours
  1457 | D:2      | Noticed Natasha
  1462 | D:2      | Killed Natasha
  1681 | D:2      | Noticed Natasha
  1681 | D:2      | Noticed Robin
  1686 | D:2      | Killed Natasha
  1687 | D:2      | Reached skill level 5 in Spellcasting
  1700 | D:2      | Killed Robin
  2153 | D:3      | Reached XP level 6. HP: 30/40 MP: 0/0
  2853 | D:4      | Reached skill level 6 in Spellcasting
  2853 | D:4      | Reached XP level 7. HP: 33/45 MP: 0/0
  2853 | D:4      | Learned a level 3 spell: Lesser Beckoning
  3317 | D:5      | Entered Level 5 of the Dungeon
  3810 | D:5      | Found a staircase to the Ecumenical Temple.
  3862 | Temple   | Entered the Ecumenical Temple
  3936 | Temple   | Became a worshipper of Makhleb the Destroyer
  4012 | D:5      | Reached skill level 1 in Fighting
  4012 | D:5      | Reached skill level 1 in Armour
  4012 | D:5      | Reached skill level 1 in Evocations
  4420 | D:5      | Reached XP level 8. HP: 38/52 MP: 0/0
  4648 | D:5      | Noticed a two-headed ogre
  4653 | D:5      | Slain by a two-headed ogre

Illustrated notes

Levels and vault maps discovered:
D:1:      minmay_arrival_diagonal_passages, layout_rooms,
          hellmonk_ecumenical_altar_dog_temple
D:2:      layout_basic, minmay_fractal_squares_gapless_5, uniq_natasha,
          uniq_robin
D:3:      minmay_door_path, layout_rooms, roderic_roman_lattice
D:4:      layout_basic
D:5:      cheibrodos_barr_body, layout_basic, minmay_temple_entry_butterflies,
          minmay_misc_feat_doors, minmay_mini_ossuary
Temple:   dpeg_three_leaves_temple

Skill      XL: |  1  2  3  4  5  6  7  8 |
---------------+-------------------------+-----
Spellcasting   | 4 5 6 |  6.8
Fighting       | 1 2 |  2.3
Armour         | 1 2 |  2.3
Evocations     | 1 2 |  2.2
Dodging        | 3 |  3.5
Stealth        | |  1.5

Action                   |  1- 3 |  4- 6 |  7- 9 || total
-------------------------+-------+-------+-------++-------
Melee: Unarmed           |       |     1 |       ||     1
       Dagger            |       |       |     4 ||     4
 Cast: Magic Dart        |    14 |       |       ||    14
       Searing Ray       |    21 |    43 |    21 ||    85
       Fulminant Prism   |       |     2 |       ||     2
       Iskenderun's Myst |       |       |    15 ||    15
       Lesser Beckoning  |       |       |     1 ||     1
  Use: Scroll            |       |     8 |     3 ||    11
Armor: Robe              |     6 |     2 |       ||     8
       Animal skin       |       |     5 |     9 ||    14
Dodge: Dodged            |     7 |    10 |    18 ||    35

Table legend: (Time is in decaauts)
 A = Elapsed time spent in this place.
 B = Non-inter-level travel time spent in this place.
 C = Inter-level travel time spent in this place.
 D = Time resting spent in this place.
 E = Time spent auto-exploring this place.
 F = Levels seen in this place.
 G = Mean time per level.
                   A        B        C        D        E       F      G
               +--------+--------+--------+--------+--------+-----+--------+
         Total |   4650 |   4494 |    156 |   1523 |   2359 |   6 |  775.0 |
       Dungeon |   4564 |   4421 |    143 |   1523 |   2308 |   5 |  912.8 |
        Temple |     86 |     74 |     12 |      0 |     51 |   1 |   86.0 |
               +--------+--------+--------+--------+--------+-----+--------+

Top non-repeatable levels by time:
     D:5: 1249 daAuts
     D:1: 1092 daAuts
     D:2: 981 daAuts
     D:4: 652 daAuts
     D:3: 587 daAuts
  Temple: 86 daAuts
